 Dungeon Crawl Stone Soup version 0.28-a0-479-g5baa6b73be (webtiles) character file.

Game seed: 5839863415030979051

597 Sweetruy1997 the Ogre Mage (level 7, -4/64 (66) HPs)
             Began as an Ogre Hedge Wizard on Sept 18, 2021.
             Slain by an ogre (27 damage)
             ... on level 4 of the Dungeon.
             The game lasted 00:19:07 (5990 turns).

Sweetruy1997 the Ogre Mage (Ogre Hedge Wizard)      Turns: 5990, Time: 00:19:07

HP:   -4/64 (66)    AC:  3    Str: 15    XL:     7   Next: 40%
MP:   13/17         EV: 10    Int: 16    God:
Gold: 149           SH:  0    Dex:  9    Spells: 1/19 levels left

rFire   . . .      SeeInvis .   r - +2 dagger (drain)
rCold   . . .      Faith    .   (no shield)
rNeg    . . .      Spirit   .   b - +0 robe
rPois   .          Reflect  .   c - +0 hat
rElec   .          Harm     .   (no cloak)
rCorr   .          Rampage  .   (gloves unavailable)
Will    .....                   (boots unavailable)
Stlth   ++........              (no amulet)
HPRegen 0.20/turn               (no ring)
MPRegen 0.15/turn               (no ring)

@: lightly drained
A: large, unfitting armour, tough skin 1
a: no special abilities


You were on level 4 of the Dungeon.
You visited 1 branch of the dungeon, and saw 4 of its levels.

You collected 149 gold pieces.

Inventory:

Hand Weapons
 r - a +2 dagger of draining (weapon)
Missiles
 a - 2 throwing nets
Armour
 b - a +0 robe (worn)
 c - a +0 hat (worn)
Jewellery
 q - a ring of protection from fire
Wands
 p - a wand of paralysis (14)
Scrolls
 d - a scroll of identify
 e - a scroll of immolation {unknown}
 k - a scroll of holy word {unknown}
 l - a scroll of vulnerability {unknown}
 m - a scroll of summoning {unknown}
 n - 2 scrolls of teleportation
Potions
 f - a potion of ambrosia {unknown}
 g - a potion of flight {unknown}
 i - a potion of heal wounds {unknown}
 j - 2 potions of resistance {unknown}
 o - a potion of might {unknown}
 s - a potion of brilliance {unknown}


   Skills:
 + Level 2.5 Fighting
 + Level 0.7 Short Blades
 - Level 2.0 Dodging
 + Level 1.8 Stealth
 + Level 6.9 Spellcasting
 + Level 2.9 Conjurations
 + Level 0.5 Hexes
 + Level 2.7 Summonings
 + Level 0.8 Translocations


You had one spell level left.
You knew the following spells:

 Your Spells              Type           Power      Damage    Failure   Level
a - Magic Dart            Conj           60%        1d6       3%          1
b - Blink                 Tloc           N/A        N/A       13%         2
c - Call Imp              Summ           14%        N/A       6%          2
d - Slow                  Hex            7%         N/A       16%         2
e - Conjure Flame         Conj/Fire      10%        6-21      21%         3
f - Summon Small Mammal   Summ           56%        N/A       4%          1
g - Call Canine Familiar  Summ           14%        N/A       12%         3
h - Summon Guardian Gole  Hex/Summ       10%        N/A       19%         3
i - Apportation           Tloc           16%        N/A       9%          1

Your spell library contained the following spells:

 Spells                   Type           Power      Damage    Failure   Level
 Mephitic Cloud           Conj/Pois/Air  8%         N/A       26%         3
 Alistair's Intoxication  Tmut/Pois      3%         N/A       98%         5
 Invisibility             Hex            3%         N/A       100%        6


Dungeon Overview and Level Annotations

Branches:
Dungeon (4/15)
 Temple: D:4-7

Altars:
Cheibriados


Innate Abilities, Weirdness & Mutations

You are too large for most types of armour.
You have tough skin. (AC +1)


Message History

Casting: Slow (safe; 16% risk of failure)
Confirm with . or Enter, or press ? or * to list all spells.
A guardian golem appears, shielding your allies.
What are your orders? t - Shout!
Orders for allies: a - Attack new target. p - Attack previous target. r - Retreat! s - Stop attacking. g - Guard the area. f - Follow me.
Anything else - Cancel.
Gang up on whom?
Press: ? - help, Dir - move target, f/p - ogre
Aim: an ogre, wielding a +0 giant club (lightly wounded, ally target) Attack!
The ogre hits you with a +0 giant club!
You barely miss the ogre.
The ogre is lightly wounded.
The ogre hits you with a +0 giant club!
You hit the ogre but do no damage.
The ogre is lightly wounded.
The ogre barely misses you.
Casting: Summon Guardian Golem (dangerous; 19% risk of failure)
Confirm with . or Enter, or press ? or * to list all spells.
You don't know that spell.
Casting: Summon Guardian Golem (dangerous; 19% risk of failure)
Confirm with . or Enter, or press ? or * to list all spells.
Aiming: Magic Dart (safe; 3% risk of failure)
Press: ? - help, Shift-Dir - straight line, f/p - ogre
Aim: an ogre, wielding a +0 giant club (lightly wounded, ally target, 100% to hit)
The magic dart hits the ogre.
The ogre is lightly wounded.
You barely miss the ogre.
The ogre is lightly wounded.
The ogre hits you with a +0 giant club! The ogre misses you.
The ogre barely misses you.
You hit the ogre. You drain the ogre.
The ogre is moderately wounded.
You hit the ogre.
The ogre is heavily wounded.
The ogre hits you with a +0 giant club!!
You die...

..........##....###.......#.
#...#......##....###.......#.
#...#......##..............#.
.. ####.....#.......##.#####
#.....#..............#
#.....#####...........
####...9.# #...........
#.......O#####..)........
#.......@................
#........................
#....##........###......#
#....#####...............
#....# #...............
#....#.............###..)
......#.....).####### #...
.....##......... ####
#.......... #


You could see an ogre (drained, ally target) and a friendly guardian golem
(summoned).

Vanquished Creatures
  Duvessa (D:4)
  Dowan (D:4)
  A hound (D:3)
  An orc wizard (D:3)
  A hound skeleton (D:4)
  5 adders
  8 gnolls
  An adder skeleton (D:4)
  4 dart slugs
  7 orcs
  5 ball pythons
  4 endoplasms
  2 giant cockroaches
  8 goblins
  6 hobgoblins
  4 kobolds
  6 bats
  4 frilled lizards (D:1)
  5 rats
74 creatures vanquished.

Vanquished Creatures (collateral kills)
  A necrophage (D:4)
  Jessica (D:2)
  3 gnolls
  An adder (D:3)
  An orc (D:3)
  An endoplasm (D:2)
  2 hobgoblins
  A kobold (D:1)
  A quokka (D:1)
  2 bats (D:1)
14 creatures vanquished.

Vanquished Creatures (others)
  A worm (D:4)
1 creature vanquished.

Grand Total: 89 creatures vanquished

Notes
Turn   | Place    | Note
-------+----------+-------------------------------------------
     0 | D:1      | Sweetruy1997 the Ogre Hedge Wizard began the quest for the
                  | Orb.
     0 | D:1      | Reached XP level 1. HP: 16/16 MP: 5/5
   389 | D:1      | Reached skill level 4 in Spellcasting
   389 | D:1      | Reached XP level 2. HP: 23/24 MP: 7/7
   392 | D:1      | Learned a level 2 spell: Blink
   395 | D:1      | Learned a level 2 spell: Call Imp
   398 | D:1      | Learned a level 2 spell: Slow
   772 | D:1      | Reached skill level 1 in Summonings
   942 | D:1      | Reached skill level 1 in Conjurations
  1090 | D:2      | Reached XP level 3. HP: 28/31 MP: 0/8
  1147 | D:1      | Learned a level 3 spell: Conjure Flame
  1503 | D:2      | Noticed Jessica
  1515 | D:2      | Killed Jessica
  1516 | D:2      | Reached XP level 4. HP: 26/40 MP: 3/10
  1683 | D:2      | Learned a level 1 spell: Summon Small Mammal
  1905 | D:2      | Reached skill level 5 in Spellcasting
  2603 | D:3      | Reached XP level 5. HP: 33/46 MP: 1/12
  2629 | D:3      | Reached skill level 1 in Fighting
  2743 | D:3      | Learned a level 3 spell: Call Canine Familiar
  3208 | D:3      | Found a snail-covered altar of Cheibriados.
  4283 | D:4      | Noticed a necrophage
  4299 | D:4      | Killed a necrophage
  4300 | D:4      | Reached skill level 6 in Spellcasting
  4300 | D:4      | Reached XP level 6. HP: 37/57 MP: 8/15
  4409 | D:4      | Noticed Duvessa
  4440 | D:4      | Killed Duvessa
  4441 | D:4      | Noticed Dowan
  4681 | D:3      | Reached XP level 7. HP: 43/65 MP: 0/16
  4720 | D:3      | Learned a level 3 spell: Summon Guardian Golem
  4758 | D:4      | Killed Dowan
  5017 | D:4      | Learned a level 1 spell: Apportation
  5990 | D:4      | Slain by an ogre

Illustrated notes

Levels and vault maps discovered:
D:1:      mainiacjoe_arrival_reflecting_pool, layout_basic
D:2:      layout_rooms, uniq_jessica
D:3:      layout_basic, old_standard_altar
D:4:      layout_basic, uniq_duvessa

Skill      XL: |  1  2  3  4  5  6 |
---------------+-------------------+-----
Dodging        | 2 |  2.0
Spellcasting   | 4 5 6 |  6.9
Summonings     | 1 2 |  2.7
Conjurations   | 1 2 |  2.9
Fighting       | 1 2 |  2.5
Short Blades   | |  0.7
Stealth        | |  1.8
Hexes          | |  0.5
Translocations | |  0.8

Action                   |  1- 3 |  4- 6 |  7- 9 || total
-------------------------+-------+-------+-------++-------
Melee: Dagger            |    28 |    85 |    47 ||   160
 Cast: Magic Dart        |    52 |   106 |    74 ||   232
       Call Imp          |     6 |     9 |       ||    15
       Slow              |     1 |     2 |     4 ||     7
       Conjure Flame     |       |     2 |       ||     2
       Summon Small Mamm |       |     1 |       ||     1
       Call Canine Famil |       |     2 |       ||     2
       Summon Guardian G |       |       |     5 ||     5
  Use: Scroll            |       |       |     4 ||     4
 Stab: Distracted        |       |     1 |       ||     1
Armor: Robe              |    19 |    26 |    15 ||    60
Dodge: Dodged            |    18 |    57 |    21 ||    96

Table legend: (Time is in decaauts)
 A = Elapsed time spent in this place.
 B = Non-inter-level travel time spent in this place.
 C = Inter-level travel time spent in this place.
 D = Time resting spent in this place.
 E = Time spent auto-exploring this place.
 F = Levels seen in this place.
 G = Mean time per level.
                   A        B        C        D        E       F      G
               +--------+--------+--------+--------+--------+-----+--------+
         Total |   5995 |   5624 |    371 |   1938 |   2756 |   4 | 1498.8 |
       Dungeon |   5995 |   5624 |    371 |   1938 |   2756 |   4 | 1498.8 |
               +--------+--------+--------+--------+--------+-----+--------+

Top non-repeatable levels by time:
     D:3: 2559 daAuts
     D:1: 1171 daAuts
     D:2: 1160 daAuts
     D:4: 1104 daAuts
